Map: Proxima Station LE

Players

Multi

  • Race: Protoss Protoss
  • Spawn Location: 7:00

Bly - Winner!

  • Race: Zerg Zerg
  • Spawn Location: 1:00

Event: WCS Jonkoping 2017

VOD

Have the link to the VOD?

Description

Time

  • Played on: June 17, 2017, 11:32 a.m.
  • Length: 11:18
Show
View Real Time Build Order
Export as new Build Order

Multi Protoss 

Build Orders: Nexus First, Oracle Opening 

Get SALT Encoding   

  12  0:00  Probe (Chrono Boost)  
  13  0:11  Probe (Chrono Boost)  
  14  0:18  Pylon  
  14  0:22  Probe (Chrono Boost)  
  15  0:36  Probe (Chrono Boost)  
  16  0:47  Probe (Chrono Boost)  
  17  0:58  Nexus  
  17  1:08  Gateway  
  18  1:11  Probe (Chrono Boost)  
  18  1:17  Assimilator  
  18  1:22  Probe (Chrono Boost)  
  19  1:25  Assimilator  
  19  1:32  Probe (Chrono Boost)  
  20  1:43  Probe (Chrono Boost)  
  21  1:53  Probe (Chrono Boost)  
  22  1:57  Cybernetics Core  
  22  1:59  Pylon  
  22  2:04  Probe (Chrono Boost)  
  23  2:10  Probe (Chrono Boost)  
  23  2:14  Probe (Chrono Boost)  
  25  2:20  Probe (Chrono Boost)  
  26  2:25  Probe (Chrono Boost)  
  27  2:30  Probe (Chrono Boost)  
  27  2:33  Adept (Chrono Boost)  
  27  2:34  Warp Gate  
  27  2:35  Stargate  
  30  2:37  Probe  
  30  2:40  Probe  
  32  2:49  Probe  
  32  2:50  Probe  
  33  2:54  Pylon  
  34  3:01  Probe x2  
  34  3:03  Adept (Chrono Boost)  
  38  3:11  Probe  
  38  3:13  Probe  
  38  3:14  Pylon  
  38  3:18  Oracle (Chrono Boost)  
  43  3:22  Probe  
  43  3:26  Probe  
  45  3:34  Probe  
  45  3:38  Probe  
  47  3:42  Adept  
  47  3:46  Probe, Gateway x2  
  50  3:50  Probe, Oracle (Chrono Boost)  
  54  4:06  Pylon  
  54  4:14  Nexus  
  54  4:20  Pylon  
  54  4:22  Probe  
  54  4:24  Probe  
  54  4:30  Pylon  
  56  4:33  Probe  
  56  4:34  Pylon  
  56  4:36  Probe  
  56  4:37  Assimilator x2  
  60  4:38  Phoenix (Chrono Boost)  
  60  4:43  Mothership Core  
  62  4:48  Probe  
  63  5:00  Probe  
  63  5:02  Probe, Robotics Facility  
  63  5:04  Robotics Facility  
  63  5:06  Assimilator  
  65  5:12  Probe  
  65  5:13  Probe  
  61  5:23  Probe  
  61  5:24  Probe  
  61  5:25  Probe  
  61  5:27  Pylon  
  61  5:28  Adept x3  
  68  5:34  Probe  
  68  5:35  Probe  
  71  5:37  Probe  
  73  5:44  Probe  
  73  5:46  Probe  
  73  5:49  Probe  
  79  5:50  Immortal (Chrono Boost)  
  79  5:52  Immortal (Chrono Boost)  
  79  5:55  Probe  
  79  5:56  Probe  
  78  6:01  Probe  
  80  6:05  Probe  
  80  6:07  Probe  
  80  6:09  Adept x3  
  87  6:13  Probe  
  87  6:17  Probe  
  84  6:19  Probe  
  84  6:25  Probe  
  86  6:29  Probe  
  86  6:32  Immortal (Chrono Boost)  
  91  6:36  Immortal (Chrono Boost)  
  91  6:37  Probe  
  91  6:38  Probe  
  94  6:48  Sentry x3  
  94  6:50  Probe  
  94  6:52  Assimilator  
  101  6:56  Pylon  
  101  7:03  Pylon  
  101  7:05  Pylon  
  101  7:14  Observer (Chrono Boost), Probe x2  
  101  7:15  Immortal (Chrono Boost)  
  108  7:20  Probe  
  109  7:23  Pylon  
  109  7:28  Sentry, Twilight Council  
  111  7:30  Sentry  
  111  7:31  Probe  
  111  7:33  Probe, Warp Prism (Chrono Boost)  
  111  7:36  Forge  
  118  7:37  Probe  
  118  7:43  Probe, Sentry  
  121  7:48  Probe  
  121  7:50  Immortal (Chrono Boost)  
  126  8:01  Gateway  
  126  8:04  Gateway, Protoss Ground Weapons Level 1 (Chrono Boost)  
  126  8:06  Gateway  
  126  8:11  Charge (Chrono Boost)  
  126  8:13  Templar Archives  
  126  8:15  Sentry x2  
  126  8:16  Sentry  
  131  8:31  Pylon  
  129  8:36  Pylon x2  
  129  8:44  Pylon  
  129  8:48  Immortal  
  124  8:50  Immortal  
  124  8:54  Psionic Storm  
  120  8:56  Sentry  
  120  8:57  Sentry  
  120  8:58  Zealot  
  119  9:08  Zealot x3  
  99  9:13  Probe x3  
  98  9:19  Pylon  
  98  9:23  Sentry x2  
  100  9:25  Probe x2 (Chrono Boost)  
  100  9:27  Sentry, Immortal  
  100  9:28  High Templar  
  104  9:32  Probe (Chrono Boost)  
  104  9:36  Probe (Chrono Boost)  
  104  9:37  Probe (Chrono Boost)  
  107  9:42  Probe (Chrono Boost)  
  107  9:45  High Templar x2  
  112  9:46  Probe  
  112  9:47  Probe  
  112  9:48  Assimilator  
  112  9:50  Photon Cannon  
  112  9:52  Probe  
  114  9:53  Phoenix  
  114  9:56  Probe  
  118  10:01  Probe  
  118  10:02  Pylon  
  118  10:05  Photon Cannon  
  119  10:11  Photon Cannon  
  119  10:18  Phoenix (Chrono Boost)  
  119  10:21  Photon Cannon  
  119  10:30  Probe  
  119  10:32  Fleet Beacon  
  120  10:41  Phoenix (Chrono Boost)  
  120  10:42  Zealot x2, Adept  
  124  10:56  Stalker x3  
  95  11:11  Archon  
Show
View Real Time Build Order
Export as new Build Order

Bly Zerg - Winner!

Build Orders: Hatch First, Muta Ling Bane 

Get SALT Encoding   

  12  0:01  Drone  
  13  0:12  Overlord  
  13  0:17  Drone  
  14  0:31  Drone x2  
  14  0:35  Drone  
  17  0:52  Hatchery  
  17  0:56  Drone  
  17  0:58  Drone  
  17  1:03  Extractor  
  17  1:14  Spawning Pool  
  17  1:17  Drone  
  17  1:22  Drone  
  18  1:29  Drone  
  19  1:40  Overlord  
  19  1:50  Drone  
  20  2:00  Queen  
  22  2:01  Zergling x2  
  22  2:04  Queen  
  22  2:05  Zergling x2  
  22  2:07  Metabolic Boost  
  26  2:13  Drone  
  27  2:17  Drone  
  28  2:23  Drone  
  28  2:28  Drone  
  30  2:37  Hatchery  
  30  2:43  Drone  
  31  2:44  Drone  
  31  2:46  Overlord  
  31  2:54  Drone x2  
  32  3:06  Drone x2  
  32  3:09  Drone x3  
  32  3:10  Queen  
  39  3:17  Overlord  
  39  3:22  Overlord  
  39  3:24  Overlord  
  39  3:31  Drone x2  
  39  3:32  Drone  
  42  3:35  Overlord  
  42  3:40  Drone  
  43  3:41  Drone x2  
  43  3:45  Evolution Chamber  
  43  3:48  Drone x2  
  46  3:50  Queen  
  48  3:56  Overlord  
  48  3:59  Overlord  
  47  4:05  Zergling x8  
  47  4:06  Zergling x2  
  47  4:08  Spore Crawler  
  51  4:13  Zerg Melee Weapons Level 1  
  50  4:29  Drone x4  
  51  4:40  Overlord  
  51  4:44  Baneling Nest  
  51  4:45  Extractor, Drone x3  
  52  4:49  Overlord  
  52  4:53  Lair, Drone x3  
  52  4:54  Drone x4  
  52  4:57  Overlord  
  59  5:00  Spore Crawler  
  58  5:07  Overlord  
  58  5:08  Zergling x4  
  58  5:09  Zergling x4  
  58  5:10  Drone  
  63  5:16  Drone  
  63  5:17  Drone x4  
  67  5:21  Overlord  
  67  5:23  Zergling x4  
  69  5:30  Drone x2  
  69  5:31  Drone  
  69  5:35  Overlord  
  71  5:37  Overlord  
  71  5:42  Zergling x6  
  74  5:43  Drone  
  74  5:46  Extractor  
  74  5:48  Extractor  
  71  5:55  Drone x5  
  76  5:59  Centrifical Hooks  
  76  6:00  Hatchery  
  76  6:01  Drone  
  76  6:02  Hydralisk Den  
  70  6:22  Drone x8  
  70  6:23  Drone x4  
  82  6:27  Overlord  
  82  6:34  Muscular Augments, Overlord  
  82  6:36  Overlord  
  82  6:37  Extractor  
  82  6:38  Extractor  
  80  6:53  Hydralisk x5  
  90  6:56  Overlord  
  90  7:00  Overseer  
  90  7:02  Zergling x4  
  90  7:03  Zergling x10  
  97  7:13  Hydralisk x4  
  105  7:19  Hydralisk x2  
  105  7:22  Zergling x12  
  115  7:23  Zergling x4  
  117  7:30  Hatchery, Zergling x4  
  117  7:34  Hydralisk  
  121  7:37  Zergling x4  
  121  7:40  Baneling  
  121  7:41  Baneling x11  
  121  7:45  Drone  
  121  7:46  Drone x5  
  127  7:52  Baneling x7  
  127  7:53  Baneling  
  127  7:54  Zergling x2  
  127  7:55  Zergling x12  
  127  7:58  Zergling x6  
  136  8:00  Spore Crawler  
  130  8:07  Hydralisk x2  
  130  8:09  Drone x2  
  136  8:15  Baneling x7  
  134  8:26  Zergling x16  
  137  8:31  Drone x2  
  137  8:32  Extractor x2, Drone  
  137  8:33  Drone  
  139  8:35  Spire  
  139  8:37  Zerg Melee Weapons Level 2  
  139  8:39  Zergling x4  
  131  8:53  Zergling x22  
  126  9:07  Zergling x18  
  122  9:12  Zergling x10  
  121  9:27  Overlord  
  120  9:33  Drone x2  
  120  9:34  Drone  
  120  9:36  Drone  
  120  9:37  Drone x4  
  128  9:44  Baneling x10  
  128  9:47  Mutalisk  
  128  9:48  Mutalisk x9  
  128  9:50  Zergling x2  
  128  9:52  Zergling x12  
  155  9:55  Drone  
  156  10:04  Hydralisk x8, Zergling x2  
  156  10:06  Zergling x2  
  156  10:07  Zergling x2  
  175  10:16  Hydralisk x4  
  182  10:24  Baneling x9  
  182  10:33  Zergling x14  
  182  10:35  Baneling x3  
  189  10:36  Baneling x2  
  189  10:37  Baneling  
  189  10:38  Baneling x5  
  189  10:53  Zergling x4  
  189  10:55  Overlord  
Tags
 
Add a new tag
Caveats
  • Supply blocks, unpowered buildings, or Contaminate may cause inaccurate times.
  • Supply counts are checked every 10 seconds.